 Seeded DCSS version 0.27.1-34-g3ba077fa99 (webtiles) character file.

Game seed: 8840528127268114696 (custom seed)

2412 voltaire321 the Digger (level 9, -10/60 HPs)
             Began as an Octopode Earth Elementalist on Jan 19, 2022.
             Mangled by a seven-headed hydra (13 damage)
             ... on level 7 of the Dungeon.
             The game lasted 00:15:18 (6469 turns).

voltaire321 the Digger (OpEE)                       Turns: 6469, Time: 00:15:19

Health: -10/60     AC:  1    Str:  8    XL:     9   Next: 47%
Magic:  3/16       EV: 19    Int: 26    God:
Gold:   1309       SH:  7    Dex: 12    Spells: 12/18 levels left

rFire    . . .     SeeInvis +   o - +7 whip "Futweuq" {elec, rElec}
rCold    . . .     Faith    .   a - +2 buckler {reflect}
rNeg     + . .     Spirit   .   (helmet restricted)
rPois    +         Reflect  +   (no amulet)
rElec    +         Harm     .   c - +6 ring of intelligence
rCorr    .         Rampage  .   d - ring of positive energy
Will     .....                  f - +4 ring of evasion
Stlth    +++.......             j - ring of see invisible
HPRegen  0.20/turn              m - ring of poison resistance
MPRegen  0.15/turn              (no ring)
                                (no ring)
                                (no ring)

@: no status effects
A: almost no armour, amphibious, 8 rings, camouflage 1, gelatinous body 1,
(nimble swimmer 1), tentacles
a: no special abilities


You were on level 7 of the Dungeon.
You visited 2 branches of the dungeon, and saw 8 of its levels.

You collected 1309 gold pieces.

Inventory:

Hand Weapons
 o - the +7 whip "Futweuq" (weapon) {elec, rElec}
   (You found it on level 4 of the Dungeon)

   It occasionally discharges a powerful burst of electricity upon striking a
   foe.
   rElec:     It insulates you from electricity.
 w - a +0 rapier
Missiles
 b - 132 stones
Armour
 a - a +2 buckler of reflection (worn)
Jewellery
 c - a +6 ring of intelligence (left tentacle)
 d - a ring of positive energy (right tentacle)
 f - a +4 ring of evasion (on tentacle)
 j - a ring of see invisible (on tentacle)
 m - a ring of poison resistance (on tentacle)
 u - a ring of fire
Wands
 t - a wand of iceblast (6)
 x - a wand of acid (5)
Scrolls
 h - a scroll of holy word {unknown}
 l - 2 scrolls of fear {unknown}
 y - a scroll of noise {unknown}
Potions
 i - 3 potions of curing
 k - 2 potions of might
 n - a potion of heal wounds
 p - a potion of brilliance
 r - a potion of haste
 s - a potion of invisibility
 v - a potion of berserk rage
 z - a potion of ambrosia


   Skills:
 + Level 4.9 Fighting
 + Level 5.5 Dodging
 - Level 2.7 Stealth
 + Level 4.8 Shields
 + Level 5.0 Spellcasting
 + Level 4.2 Conjurations
 - Level 1.0 Transmutations
 + Level 6.0 Earth Magic


You had 12 spell levels left.
You knew the following spells:

 Your Spells              Type           Power      Damage    Failure   Level
a - Sandblast             Erth           76%        2d16      1%          1
b - Passwall              Tmut/Erth      20%        N/A       2%          2
c - Stone Arrow           Conj/Erth      66%        3d11      2%          3

Your spell library contained the following spells:

 Spells                   Type           Power      Damage    Failure   Level
 Ensorcelled Hibernation  Hex/Ice        12%        N/A       12%         2
 Petrify                  Tmut/Erth      24%        N/A       19%         4
 Call Canine Familiar     Summ           6%         N/A       22%         3
 Portal Projectile        Hex/Tloc       12%        N/A       22%         3
 Leda's Liquefaction      Hex/Erth       11%        N/A       22%         4
 Summon Lightning Spire   Summ/Air       6%         N/A       58%         4
 Monstrous Menagerie      Summ           3%         N/A       100%        7
 Animate Armour           Summ/Erth      Unusable   N/A       N/A         4

Dungeon Overview and Level Annotations

Branches:
Dungeon (7/15)             Temple (1/1) D:6

Altars:
Cheibriados
Dithmenos
Elyvilon
Fedhas
Gozag
Kikubaaqudgha
Makhleb
Nemelex Xobeh
Okawaru
Qazlal
Ru
Trog
Uskayaw
Vehumet
Wu Jian
Xom
Yredelemnul
Zin
The Shining One


Innate Abilities, Weirdness & Mutations

You cannot wear most types of armour.
You are amphibious.
You can wear up to eight rings at the same time.
Your skin changes colour to match your surroundings (Stealth+).
Your rubbery body absorbs attacks. (AC +1, EV +1)
((You are camouflaged near water. (Stealth+)))
You have tentacles for arms and can constrict up to eight enemies at once.


Message History

The killer bee closely misses you. The bullfrog barely misses you.
A killer bee zombie comes into view.
The bullfrog hits you!
* * * LOW HITPOINT WARNING * * *
The killer bee misses you. The killer bee completely misses you.
You block the killer bee's attack.
You feel much better. The killer bee barely misses you.
You block the killer bee's attack.
Casting: Stone Arrow (dangerous; 2% risk of failure)
Confirm with . or Enter, or press ? or * to list all spells.
Aiming: Stone Arrow (dangerous; 2% risk of failure)
Press: ? - help, Shift-Dir - straight line, f/p - killer bee
Aim: a killer bee (severely wounded, 48% to hit)
The stone arrow hits the killer bee!!
You kill the killer bee!
Casting: Stone Arrow (dangerous; 2% risk of failure)
Confirm with . or Enter, or press ? or * to list all spells.
Aiming: Stone Arrow (dangerous; 2% risk of failure)
Press: ? - help, Shift-Dir - straight line, f - seven-headed hydra
Aim: a seven-headed hydra (91% to hit)
The stone arrow hits the seven-headed hydra!!
The seven-headed hydra is moderately wounded.
The killer bee zombie closely misses you.
Casting: Stone Arrow (dangerous; 2% risk of failure)
Confirm with . or Enter, or press ? or * to list all spells.
Aiming: Stone Arrow (dangerous; 2% risk of failure)
Press: ? - help, Shift-Dir - straight line, f/p - seven-headed hydra
Aim: a seven-headed hydra (moderately wounded, 91% to hit)
The stone arrow hits the seven-headed hydra!!
The seven-headed hydra is severely wounded.
The killer bee zombie completely misses you.
The killer bee zombie barely misses you.
The gnoll hits you from afar with a +0 halberd!
The seven-headed hydra misses you. The seven-headed hydra bites you!
* * * LOW HITPOINT WARNING * * *
The seven-headed hydra bites you.
* * * LOW HITPOINT WARNING * * *
The seven-headed hydra bites you!
You die...

**### *,..# *******+#.#
*,+,*,*,#.# ***+*+*,#.#
*,+,,,+,#Z# ***,,,**#@#
*,+,,,+,#D# ###########
*+*+*+**#g######..........
*,*∩*,+,#F...............(
***######..g.....§..!$....
#............._.........
#..............○☼.......
#.......................
#...............#..(....


You could see a seven-headed hydra, a bullfrog, a gnoll and a killer bee zombie.

Vanquished Creatures
  Pikel (D:5)
  A centaur zombie (D:6)
  Prince Ribbit (D:6)
  An orc warrior (D:6)
  A black bear (D:6)
  An ogre (D:5)
  A phantom (D:3)
  2 lemures (D:5)
  A scorpion (D:4)
  A wyvern zombie (D:6)
  3 killer bees
  3 wights (D:6)
  A howler monkey (D:4)
  A bullfrog zombie (D:6)
  2 hounds (D:5)
  2 jellies
  6 orc priests
  2 bullfrog skeletons
  3 iguanas
  2 orc wizards (D:7)
  2 hound skeletons
  Robin (D:4)
  6 adders
  An ufetubus (D:4)
  An adder skeleton (D:4)
  2 worms
  3 dart slugs
  15 orcs
  5 bats
  4 endoplasms
  A giant cockroach (D:4)
  14 goblins
  10 hobgoblins
  7 kobolds
  A quokka (D:2)
  7 ball pythons
  A frilled lizard (D:2)
  4 rats
121 creatures vanquished.

Vanquished Creatures (others)
  Menkaure (D:7)
  6 plants
7 creatures vanquished.

Grand Total: 128 creatures vanquished

Notes
Turn   | Place    | Note
-------+----------+-------------------------------------------
     0 | D:1      | voltaire321 the Octopode Earth Elementalist began the quest
                  | for the Orb.
     0 | D:1      | Reached XP level 1. HP: 11/11 MP: 3/3
   455 | D:1      | Reached XP level 2. HP: 13/17 MP: 3/5
   544 | D:1      | Identified 3 scrolls of acquirement
   544 | D:1      | Acquired 988 gold pieces
   546 | D:1      | Acquired a +4 ring of evasion
   548 | D:1      | Acquired a +2 buckler of reflection
   709 | D:1      | Learned a level 2 spell: Passwall
  1173 | D:2      | Reached XP level 3. HP: 19/22 MP: 6/6
  1317 | D:2      | Found a faded altar of an unknown god.
  1746 | D:3      | Reached skill level 1 in Fighting
  1746 | D:3      | Reached skill level 1 in Shields
  1930 | D:3      | Reached XP level 4. HP: 28/28 MP: 7/7
  1938 | D:3      | Noticed a phantom
  2078 | D:3      | You fall into a shaft and drop 2 floors!
  2078 | D:5      | Entered Level 5 of the Dungeon
  2145 | D:4      | Identified the +7 whip "Futweuq" {elec, rElec}
  2235 | D:3      | Killed a phantom
  2236 | D:3      | Reached XP level 5. HP: 17/34 MP: 3/9
  2421 | D:3      | Reached skill level 4 in Earth Magic
  2526 | D:3      | Learned a level 3 spell: Stone Arrow
  2991 | D:4      | Noticed Robin
  3018 | D:4      | Reached XP level 6. HP: 36/39 MP: 10/10
  3020 | D:4      | Killed Robin
  3212 | D:4      | Found a stormy altar of Qazlal.
  3315 | D:4      | Got the Papyrus of Slavery and the Glacier
  3323 | D:4      | Found a glowing silver altar of Zin.
  3323 | D:4      | Noticed an angel
  3351 | D:4      | Reached skill level 1 in Conjurations
  3762 | D:5      | Reached XP level 7. HP: 29/45 MP: 11/11
  3922 | D:5      | Noticed Pikel
  3938 | D:5      | Killed Pikel
  3939 | D:5      | Reached XP level 8. HP: 21/52 MP: 0/13
  4148 | D:5      | Found a shadowy altar of Dithmenos.
  4253 | D:5      | Found a sacrificial altar of Ru.
  4262 | D:5      | Reached skill level 5 in Earth Magic
  4566 | D:6      | Found a staircase to the Ecumenical Temple.
  4573 | Temple   | Entered the Ecumenical Temple
  5593 | D:6      | Noticed Prince Ribbit
  5603 | D:6      | Killed Prince Ribbit
  5604 | D:6      | Reached skill level 5 in Dodging
  5604 | D:6      | Reached XP level 9. HP: 56/59 MP: 3/15
  6042 | D:6      | Reached skill level 5 in Spellcasting
  6042 | D:6      | Reached skill level 6 in Earth Magic
  6152 | D:7      | Noticed a seven-headed hydra
  6364 | D:7      | Killed Menkaure
  6447 | D:7      | Found a radiant altar of Vehumet.
  6469 | D:7      | HP: 3/60 [seven-headed hydra (3)]
  6469 | D:7      | Mangled by a seven-headed hydra

Illustrated notes

Levels and vault maps discovered:
D:1:      minmay_arrival_semitransparent, layout_basic
D:2:      layout_rooms, chequers_ecumenical_altar_simple_redux,
          minmay_liquid_box
D:3:      layout_rooms, chequers_serial_rivers_small_3, guppyfry_early_lair_pool
D:4:      layout_basic, grunt_qazlal_clouds, zin_angel,
          kennysheep_generic_room_3, uniq_robin
D:5:      layout_loops_ring, mainiacjoe_overflow_alcove_1, hangedman_ru_absence,
          uniq_pikel
D:6:      layout_cave_pools, minmay_temple_entry_waves, uniq_prince_ribbit1
D:7:      minmay_blocky_corners, layout_rooms, fiery_altar_vehumet,
          nicolae_ossuary_entry_catacombs, serial_aquarium,
          aquarium_bridge_square [aquarium_subvault_window,
          aquarium_subvault_bridge, aquarium_subvault_bridge,
          aquarium_subvault_wall], aquarium_bridge_long_separate
          [aquarium_subvault_bridge, aquarium_subvault_wall,
          aquarium_subvault_bridge, aquarium_subvault_bridge,
          aquarium_subvault_window, aquarium_subvault_bridge],
          aquarium_window_1, aquarium_window_1, aquarium_window_3,
          aquarium_view_2c, minmay_misc_feat_columns, minmay_misc_feat_enclosed,
          serial_bayou_ford_a, uniq_menkaure
Temple:   nicolae_temple_great_sept

Skill      XL: |  1  2  3  4  5  6  7  8  9 |
---------------+----------------------------+-----
Fighting       | 1 2 3 4 |  4.9
Shields        | 1 2 3 4 |  4.8
Dodging        | 3 4 5 |  5.5
Spellcasting   | 3 4 5 |  5.0
Earth Magic    | 4 5 6 |  6.0
Conjurations   | 1 2 3 4 |  4.2
Stealth        | |  2.7
Transmutations | |  1.0

Action                   |  1- 3 |  4- 6 |  7- 9 || total
-------------------------+-------+-------+-------++-------
Melee: Unarmed           |     9 |       |       ||     9
       Constrict         |    18 |    18 |    10 ||    46
       Tentacles         |     8 |     6 |     8 ||    22
       Short sword       |    51 |       |       ||    51
       Mace              |    15 |     9 |       ||    24
       Whip              |       |    72 |    71 ||   143
 Cast: Sandblast         |     8 |     7 |     6 ||    21
       Stone Arrow       |       |       |    47 ||    47
  Use: Scroll            |     3 |       |     9 ||    12
       Potion            |       |       |     1 ||     1
 Stab: Distracted        |     1 |       |       ||     1
       Sleeping          |    10 |     3 |     2 ||    15
Armor: Skin              |     9 |     2 |     7 ||    18
Dodge: Dodged            |    56 |    38 |   117 ||   211
Block: Buckler           |    14 |    20 |    54 ||    88
       Reflection        |       |     1 |       ||     1
